 Dungeon Crawl Stone Soup version 0.27.1-1-g398f81649c (webtiles) character file.

Game seed: 8440815412224445955

862 Destapler the Ruffian (level 7, -11/105 HPs)
             Began as a Troll Berserker on Sept 15, 2021.
             Was a Priest of Trog.
             Mangled by a gnoll (13 damage)
             ... on level 5 of the Dungeon.
             The game lasted 00:05:05 (3262 turns).

Destapler the Ruffian (Troll Berserker)             Turns: 3262, Time: 00:05:06

Health: -11/105    AC:  4    Str: 28    XL:     7   Next: 72%
Magic:  6/6        EV: 10    Int:  3    God:    Trog [***...]
Gold:   142        SH:  0    Dex:  9    Spells: 6/6 levels left

rFire    . . .     SeeInvis .     - Unarmed
rCold    . . .     Faith    .   (no shield)
rNeg     . . .     Spirit   .   a - +0 animal skin
rPois    .         Reflect  .   (helmet restricted)
rElec    .         Harm     .   (no cloak)
rCorr    .         Rampage  .   (gloves unavailable)
Will     .....                  (boots unavailable)
Stlth    ..........             (no amulet)
HPRegen  1.27/turn              (no ring)
MPRegen  0.10/turn              (no ring)

@: berserking (expiring), lethally poisoned (-11 -> -11), very quick
A: large, unfitting armour, claws 3, regeneration 1, shaggy fur 1, tough skin 1
a: Renounce Religion, Berserk, Trog's Hand


You were on level 5 of the Dungeon.
You worshipped Trog.
Trog was most pleased with you.
You visited 1 branch of the dungeon, and saw 5 of its levels.

You collected 142 gold pieces.

Inventory:

Missiles
 s - 4 boomerangs (quivered)
Armour
 a - a +0 animal skin (worn)
Jewellery
 k - a ring of fire
 x - a ring of magical power
Wands
 p - a wand of flame (34)
Scrolls
 c - 5 scrolls of identify {unknown}
 d - 2 scrolls of fog {unknown}
 e - a scroll of summoning {unknown}
 h - a scroll of holy word {unknown}
 i - 4 scrolls of teleportation {unknown}
 n - 4 scrolls of enchant armour {unknown}
 o - 2 scrolls of noise {unknown}
 r - a scroll of acquirement {unknown}
 w - a scroll of fear {unknown}
 y - a scroll of blinking {unknown}
Potions
 b - 3 potions of curing {unknown}
 f - 3 potions of flight {unknown}
 g - 2 potions of mutation {unknown}
 j - 2 potions of resistance
 l - a potion of lignification {unknown}
 m - 2 potions of haste {unknown}
 q - a potion of attraction {unknown}
 t - a potion of ambrosia {unknown}
 u - a potion of berserk rage {unknown}
 v - a potion of heal wounds {unknown}


   Skills:
 + Level 4.0 Fighting
 - Level 3.0 Armour
 + Level 4.0 Dodging
 + Level 2.1 Shields
 + Level 4.8 Unarmed Combat
 + Level 1.8 Evocations


You had 6 spell levels left.
You didn't know any spells.
Your spell library contained the following spells:

 Spells                   Type           Power      Damage    Failure   Level
 Animate Skeleton         Necr           0%         N/A       52%         1
 Pain                     Necr           0%         1d4       52%         1
 Blink                    Tloc           N/A        N/A       67%         2
 Lesser Beckoning         Tloc           0%         N/A       88%         3
 Ozocubu's Armour         Ice            0%         N/A       88%         3
 Vampiric Draining        Necr           0%         2d6       88%         3
 Manifold Assault         Tloc           0%         N/A       100%        5
 Metabolic Englaciation   Hex/Ice        0%         N/A       100%        5
 Simulacrum               Ice/Necr       0%         N/A       100%        6


Dungeon Overview and Level Annotations

Branches:
Dungeon (5/15)             Temple (0/1) D:4

Altars:
Kikubaaqudgha

Shops:
D:4 *:


Innate Abilities, Weirdness & Mutations

You are too large for most types of armour.
You have claws for hands.
Your natural rate of healing is unusually fast.
You are covered in fur. (AC +1)
You have tough skin. (AC +1)


Message History

Ijyb is severely wounded.
You feel sick.
The gnoll hits you from afar with a +0 spear.
* * * LOW HITPOINT WARNING * * *
The gnoll hits you from afar with a +0 halberd.
* * * LOW HITPOINT WARNING * * *
The gnoll hits you with a +0 club.
* * * LOW HITPOINT WARNING * * *
You claw Ijyb!
You kill Ijyb!
Trog accepts your kill.
Your skin stops crawling.
You feel less strong-willed. The adder bites you but does no damage.
The gnoll hits you from afar with a +0 spear.
* * * LOW HITPOINT WARNING * * *
You are too injured to fight recklessly!
You are too injured to fight recklessly!
You are too injured to fight recklessly!
Unknown command.
You are too injured to fight recklessly!
Unknown command.
You are too injured to fight recklessly!
You closely miss the adder. Your claw misses the adder.
You feel sick. The gnoll closely misses you. The adder bites you.
* * * LOW HITPOINT WARNING * * *
The gnoll barely misses you.
You miss the adder.
You feel sick. The adder bites you but does no damage.
The gnoll hits you from afar with a +0 spear.
* * * LOW HITPOINT WARNING * * *
The gnoll hits you from afar with a +0 halberd.
* * * LOW HITPOINT WARNING * * *
You closely miss the adder. The gnoll barely misses you.
You miss the adder.
You feel sick. The adder bites you.
* * * LOW HITPOINT WARNING * * *
You are more poisoned.
The adder poisons you!
The gnoll hits you from afar with a +0 spear.
* * * LOW HITPOINT WARNING * * *
The gnoll hits you from afar with a +0 halberd!
You die...

#.# ..# #....##.... #.# #..#
#..#.##†#.. #.# #..#
###..#.##<##.
...####.###..##.....#.##....
................###.#.......
...####.......##.........###
####.......##....##.#.#
#...............# #.#.#
....#...)@).###.. #.#..
.........)Sg.# #. #.##..
##..##..##gg.# # #.# ##.
##....####..# ... #..# ...
##.## #.. .... ..# #. .....
..# .....# ..# ....


You could see 3 gnolls and an adder.

Vanquished Creatures
  Sigmund (D:3)
  3 ogres
  2 hounds
  A gnoll shaman (D:5)
  An orc priest (D:3)
  Jessica (D:2)
  Ijyb (D:5)
  2 iguanas
  A hound skeleton (D:4)
  10 gnolls
  7 adders
  An adder skeleton (D:4)
  A worm (D:3)
  A dart slug (D:1)
  7 orcs
  7 ball pythons
  9 endoplasms
  2 giant cockroaches
  4 goblins
  6 hobgoblins
  2 quokkas
  6 bats
  4 frilled lizards
  4 kobolds
  3 rats
87 creatures vanquished.

Notes
Turn   | Place    | Note
-------+----------+-------------------------------------------
     0 | D:1      | Destapler the Troll Berserker began the quest for the Orb.
     0 | D:1      | Reached XP level 1. HP: 22/22 MP: 0/0
   185 | D:1      | Reached XP level 2. HP: 29/29 MP: 1/1
   328 | D:1      | Found a faded altar of an unknown god.
   502 | D:1      | You fall into a shaft and drop 1 floor!
   530 | D:2      | Reached XP level 3. HP: 36/36 MP: 2/2
   556 | D:2      | Reached skill level 1 in Armour
   602 | D:2      | Reached ** piety under Trog
   792 | D:2      | Reached XP level 4. HP: 22/44 MP: 3/3
   889 | D:2      | Noticed Jessica
   898 | D:2      | Killed Jessica
  1403 | D:3      | Reached XP level 5. HP: 53/53 MP: 4/4
  1440 | D:3      | Found an ancient bone altar of Kikubaaqudgha.
  1725 | D:3      | Noticed Sigmund
  1739 | D:3      | Killed Sigmund
  1740 | D:3      | Reached skill level 1 in Shields
  1740 | D:3      | Reached XP level 6. HP: 53/61 MP: 5/5
  1972 | D:4      | Found Lepamninet's Book Emporium.
  2108 | D:4      | Found Giemaher's General Store.
  2173 | D:4      | Reached skill level 1 in Evocations
  2237 | D:4      | Found a staircase to the Ecumenical Temple.
  2592 | D:4      | Reached *** piety under Trog
  2600 | D:4      | Reached XP level 7. HP: 68/68 MP: 6/6
  3015 | D:5      | Entered Level 5 of the Dungeon
  3243 | D:5      | Noticed Ijyb
  3258 | D:5      | Killed Ijyb
  3262 | D:5      | HP: 2/105 [gnoll (4)]
  3262 | D:5      | Mangled by a gnoll

Illustrated notes

Levels and vault maps discovered:
D:1:      minmay_arrival_cross, layout_loops_cross,
          shapermc_ecumenical_altar_venn
D:2:      layout_basic, uniq_jessica
D:3:      layout_basic, kiku_gazebo_pond_becter, kennysheep_generic_room_5,
          uniq_sigmund
D:4:      layout_loops_corners, minmay_temple_entry_stoned_glass, serial_shops,
          shop_fountains, nicolae_stop_n_shop_2, hex_large, nrook_mini_vaults
D:5:      layout_rooms, nicolae_uskayaw_murder_on_the_dancefloor,
          palyth_stone_intersect, uniq_eustachio, uniq_ijyb, uniq_prince_ribbit1

Skill      XL: |  1  2  3  4  5  6  7 |
---------------+----------------------+-----
Armour         | 1 2 3 |  3.0
Dodging        | 3 4 |  4.0
Fighting       | 3 4 |  4.0
Shields        | 1 2 |  2.1
Unarmed Combat | 4 |  4.8
Evocations     | 1 |  1.8

Action                   |  1- 3 |  4- 6 |  7- 9 || total
-------------------------+-------+-------+-------++-------
Melee: Unarmed           |    84 |   127 |    56 ||   267
       Punch             |     1 |     2 |     2 ||     5
Invok: Berserk           |     1 |     1 |     2 ||     4
       Trog's Hand       |       |     2 |     1 ||     3
 Stab: Sleeping          |       |       |     1 ||     1
Armor: Animal skin       |    17 |    26 |    18 ||    61
Dodge: Dodged            |    44 |    60 |    40 ||   144
